Map: Nightscape LE

Players

ëLëphäNt - Winner!

  • Race: Protoss Protoss
  • League: Diamond
  • Spawn Location: 7:00

Smone - Winner!

  • Race: Zerg Zerg
  • Spawn Location: 7:00

qqq

  • Race: Zerg Zerg
  • League: Platinum
  • Spawn Location: 1:00

Massa

  • Race: Terran Terran
  • League: Platinum
  • Spawn Location: 1:00

VOD

Have the link to the VOD?

Description

Time

  • Played on: Jan. 14, 2021, 6:13 a.m.
  • Length: 11:10
Show
View Real Time Build Order
Export as new Build Order

ëLëphäNt Protoss - Winner!

Build Orders: Zealot Archon 

Get SALT Encoding   

  12  0:01  Probe  
  13  0:13  Probe  
  14  0:19  Pylon  
  14  0:25  Probe  
  15  0:37  Probe (Chrono Boost)  
  15  0:38  Gateway  
  16  0:48  Probe (Chrono Boost)  
  17  0:54  Assimilator  
  17  0:56  Probe  
  17  0:58  Assimilator  
  18  1:08  Probe (Chrono Boost)  
  19  1:13  Pylon  
  20  1:20  Probe (Chrono Boost)  
  20  1:25  Cybernetics Core  
  20  1:27  Probe (Chrono Boost)  
  21  1:39  Probe  
  22  1:44  Zealot  
  24  1:51  Probe  
  25  2:02  Warp Gate  
  25  2:10  Probe  
  25  2:11  Twilight Council  
  26  2:23  Gateway  
  26  2:31  Forge  
  26  2:38  Gateway  
  26  2:42  Pylon  
  26  2:49  Resonating Glaives  
  26  2:53  Adept  
  28  2:59  Protoss Ground Armor Level 1 (Chrono Boost)  
  28  3:08  Probe  
  29  3:16  Nexus  
  29  3:24  Adept  
  29  3:26  Adept  
  33  3:29  Sentry  
  35  3:36  Pylon  
  35  3:50  Photon Cannon  
  35  3:53  Photon Cannon  
  35  4:04  Pylon  
  35  4:22  Stalker x2  
  39  4:36  Shield Battery  
  39  4:41  Blink (Chrono Boost)  
  39  4:53  Protoss Ground Armor Level 2 (Chrono Boost)  
  39  4:55  Probe x2  
  41  5:07  Probe x2  
  41  5:12  Pylon  
  43  5:15  Photon Cannon  
  43  5:19  Probe  
  43  5:21  Probe  
  45  5:31  Probe  
  45  5:33  Probe  
  47  5:38  Templar Archives  
  47  5:40  Pylon  
  47  5:43  Probe  
  47  5:45  Probe  
  49  5:50  Shield Battery  
  49  5:51  Gateway  
  49  6:00  Gateway  
  49  6:03  Gateway  
  49  6:09  Gateway  
  49  6:11  Probe  
  50  6:12  Probe  
  50  6:15  High Templar  
  50  6:16  High Templar  
  55  6:23  Probe  
  55  6:25  Probe  
  57  6:26  Photon Cannon  
  57  6:31  Archon  
  57  6:32  Zealot  
  59  7:02  Stalker x2  
  61  7:43  Pylon  
  61  7:57  Zealot x4  
  61  7:58  Zealot x2  
  73  8:02  Gateway  
  73  8:03  Gateway  
  73  8:05  Gateway  
  73  8:06  Gateway  
  73  8:07  Photon Cannon  
  73  8:08  Probe  
  73  8:09  Probe  
  73  8:10  Pylon  
  73  8:11  Stalker  
  73  8:12  Assimilator  
  77  8:18  Assimilator  
  77  8:21  Probe x2  
  79  8:33  Probe, Stalker x4  
  79  8:34  Stalker x3  
  94  8:41  Pylon  
  94  8:43  Pylon  
  94  8:55  Pylon  
  94  8:58  Pylon  
  92  9:06  Pylon  
  64  9:26  Gateway, High Templar  
  64  9:27  High Templar x3  
  64  9:28  Zealot x5  
  64  9:29  Zealot x2  
  86  9:32  Shield Battery  
  86  9:39  Archon  
  86  9:40  Archon  
  86  9:51  Zealot x4  
  86  9:52  Zealot x3  
  100  10:06  Zealot x4  
  102  10:35  High Templar x2  
  106  10:36  Zealot x6  
  106  10:37  Zealot x2  
  106  10:39  Archon  
  122  10:56  Zealot  
  124  10:57  High Templar  
  124  10:58  High Templar, Zealot  
  124  10:59  Zealot x3  
  124  11:02  Archon  
Show
View Real Time Build Order
Export as new Build Order

Smone Zerg - Winner!

Build Orders: Hatch First 

Get SALT Encoding   

  12  0:00  Drone  
  13  0:12  Overlord  
  13  0:21  Drone  
  14  0:32  Drone  
  14  0:33  Drone  
  16  0:50  Hatchery  
  15  0:59  Drone x2  
  15  1:00  Drone  
  18  1:16  Spawning Pool  
  17  1:19  Extractor  
  17  1:20  Drone  
  17  1:26  Drone  
  18  1:40  Overlord  
  18  1:57  Drone x2  
  20  2:02  Queen  
  20  2:03  Queen  
  20  2:04  Drone  
  20  2:06  Drone  
  26  2:24  Metabolic Boost  
  26  2:29  Drone  
  28  2:30  Zergling x6  
  30  2:42  Baneling Nest  
  29  2:47  Zergling x2  
  29  2:48  Zergling x2  
  31  2:57  Overlord  
  31  2:58  Zergling x2  
  31  3:02  Queen  
  34  3:10  Overlord  
  34  3:23  Zergling x2  
  34  3:24  Zergling x16  
  41  3:54  Baneling  
  41  3:55  Baneling x5  
  38  4:30  Spore Crawler  
  36  4:35  Spore Crawler  
  36  4:37  Drone  
  36  4:38  Drone x8  
  44  4:46  Drone  
  45  4:56  Extractor  
  45  4:57  Extractor  
  45  4:58  Lair  
  43  5:01  Extractor  
  43  5:02  Drone x3  
  43  5:03  Drone  
  46  5:09  Drone  
  46  5:10  Drone x3  
  50  5:27  Spore Crawler  
  49  5:34  Drone x3  
  52  5:42  Overlord x3  
  52  6:01  Spire  
  52  6:02  Drone x6  
  57  6:16  Drone x2  
  57  6:18  Hatchery  
  58  6:28  Drone  
  58  6:29  Drone x5  
  61  7:09  Overseer  
  61  7:17  Mutalisk x3  
  61  7:18  Overlord x2  
  61  7:19  Overlord x2  
  67  7:23  Hatchery  
  66  7:37  Mutalisk  
  66  7:38  Mutalisk x7  
  66  7:39  Mutalisk  
  83  7:50  Overlord x3  
  82  8:15  Mutalisk  
  82  8:16  Mutalisk x3  
  90  8:24  Mutalisk  
  92  8:34  Mutalisk  
  89  8:48  Mutalisk x2  
  81  9:01  Mutalisk  
  81  9:02  Zergling x2  
  84  9:03  Zergling x8  
  81  9:23  Mutalisk  
  83  9:24  Hatchery, Zergling x2  
  83  9:25  Zergling x4  
  85  9:40  Zergling x2  
  85  9:41  Zergling x2  
  87  9:46  Hatchery  
  87  9:51  Extractor  
  85  9:53  Drone  
  85  9:56  Mutalisk x5  
  85  9:58  Extractor  
  95  10:06  Queen  
  79  10:35  Mutalisk x3  
  78  10:36  Zergling x2  
  78  10:37  Zergling x16  
Show
View Real Time Build Order
Export as new Build Order

qqq Zerg 

Build Orders: Hatch First 

Get SALT Encoding   

  12  0:04  Drone  
  13  0:08  Drone  
  14  0:18  Overlord  
  14  0:47  Hatchery  
  13  0:50  Drone  
  13  0:52  Drone  
  15  1:12  Spawning Pool  
  15  1:17  Drone  
  15  1:18  Drone  
  15  1:21  Extractor  
  15  1:28  Drone  
  16  1:37  Drone  
  17  1:43  Drone  
  18  1:52  Drone  
  19  2:11  Queen  
  19  2:12  Drone, Overlord  
  24  2:21  Drone x3  
  27  2:33  Drone  
  27  2:36  Lair  
  26  2:43  Drone x2  
  28  2:55  Drone  
  29  2:58  Overlord  
  29  3:01  Drone  
  29  3:04  Hatchery  
  29  3:10  Drone  
  30  3:13  Drone  
  30  3:17  Spine Crawler  
  30  3:28  Drone x4  
  34  3:37  Extractor  
  33  3:42  Drone  
  33  3:43  Spire  
  33  3:46  Spine Crawler  
  33  3:47  Queen  
  34  3:50  Drone  
  34  3:51  Zergling x2  
  34  3:52  Zergling x2  
  37  4:03  Zergling x2  
  28  4:30  Drone x2  
  28  4:34  Drone x3  
  28  4:38  Extractor  
  30  4:41  Queen  
  32  4:52  Drone x4  
  36  4:54  Drone x2  
  36  4:58  Drone  
  39  5:03  Mutalisk  
  41  5:13  Drone x3  
  44  5:20  Extractor  
  43  5:26  Drone x2  
  43  5:27  Mutalisk  
  47  5:36  Drone  
  47  5:39  Drone x2  
  50  5:51  Overlord  
  50  5:52  Overlord x3  
  50  5:56  Zerg Flyer Weapons Level 1  
  50  5:58  Hatchery  
  50  6:04  Mutalisk, Infestation Pit  
  50  6:12  Drone x4  
  54  6:20  Drone x4  
  54  6:23  Mutalisk  
  60  6:27  Mutalisk  
  62  6:34  Drone  
  62  6:38  Drone x5  
  68  6:44  Hive  
  68  6:46  Drone  
  69  6:47  Drone  
  70  7:00  Mutalisk  
  70  7:01  Mutalisk  
  74  7:09  Mutalisk  
  74  7:10  Overlord x2  
  74  7:12  Drone x2  
  78  7:15  Queen  
  78  7:17  Extractor  
  78  7:20  Extractor  
  78  7:24  Drone  
  78  7:28  Mutalisk  
  81  7:33  Drone, Hatchery, Mutalisk  
  81  7:34  Zergling x2  
  81  7:35  Zergling x6  
  81  7:36  Drone  
  88  7:49  Mutalisk  
  88  7:50  Drone  
  91  7:51  Overlord  
  90  8:15  Drone x2  
  90  8:16  Mutalisk x3  
  98  8:21  Zergling x6  
  99  8:42  Mutalisk x2  
  99  8:44  Drone x3  
  95  9:08  Mutalisk x2  
  88  9:19  Greater Spire  
  88  9:20  Drone x3  
  91  9:26  Queen  
  91  9:27  Drone x3  
  96  9:31  Spine Crawler  
  96  9:32  Spine Crawler  
  96  9:33  Drone  
  95  9:42  Drone x3  
  98  9:46  Viper  
  98  9:49  Hatchery  
  100  9:57  Viper  
  100  9:58  Zergling x2  
  100  9:59  Zergling x6  
  107  10:06  Mutalisk  
  107  10:09  Spore Crawler  
  107  10:13  Drone x3, Spore Crawler  
  94  10:34  Mutalisk  
  94  10:35  Mutalisk, Spire  
  72  10:43  Zergling x2  
  72  10:45  Drone x2  
  72  10:46  Drone  
  72  10:48  Extractor  
  67  10:50  Extractor  
  66  10:57  Hatchery  
Show
View Real Time Build Order
Export as new Build Order

Massa Terran 

Build Orders: 1/1/1 

Get SALT Encoding   

  12  0:00  SCV  
  13  0:12  SCV  
  14  0:21  Supply Depot  
  14  0:24  SCV  
  15  0:43  SCV  
  15  0:44  Barracks  
  16  0:50  Refinery  
  16  0:52  Refinery  
  16  0:55  SCV  
  17  1:07  SCV  
  18  1:19  SCV  
  19  1:31  Supply Depot  
  19  1:32  Orbital Command  
  19  1:38  Factory  
  19  1:48  Marine  
  20  2:03  SCV  
  21  2:15  SCV  
  22  2:24  Starport x2  
  22  2:36  SCV  
  23  2:37  Supply Depot  
  23  2:39  Marine  
  24  2:45  Hellion  
  24  2:48  SCV  
  27  3:00  Starport Tech Lab  
  27  3:01  Starport Tech Lab  
  27  3:03  Barracks Tech Lab  
  27  3:06  Factory Tech Lab  
  27  3:08  Supply Depot  
  27  3:21  Banshee  
  27  3:22  Banshee  
  33  3:51  Siege Tank  
  33  3:54  Marine  
  34  4:04  Supply Depot  
  34  4:11  Marine  
  32  4:32  Cloaking Field  
  32  5:06  Banshee  
  35  5:07  Command Center  
  35  5:15  Supply Depot  
  35  5:20  Marine  
  36  5:32  Command Center  
  36  5:35  Banshee  
  39  5:38  Marine  
  40  5:44  Stimpack  
  40  5:50  Widow Mine  
  42  6:04  SCV  
  43  6:16  SCV  
  43  6:17  Marine  
  45  6:20  Widow Mine  
  47  6:35  Marine  
  47  6:39  Orbital Command  
  45  7:26  Marauder  
  45  7:27  Siege Tank  
  47  7:47  Marauder  
  49  7:58  Engineering Bay  
  46  8:01  Combat Shield  
  46  8:08  Barracks  
  46  8:09  Starport Tech Lab, Barracks x2, Starport Reactor  
  46  8:13  Siege Tank  
  46  8:18  SCV x2  
  51  8:28  Marine  
  51  8:30  SCV x2  
  54  8:37  Orbital Command  
  54  8:42  SCV x2  
  54  8:45  Widow Mine  
  54  8:46  Marine  
  57  8:54  SCV x2  
  59  9:03  Marine  
  59  9:21  Marine  
  60  9:24  Marine  
  60  9:25  Marine x2  
  63  9:39  Refinery  
  63  9:40  Refinery, Marauder  
  63  9:42  Marine  
  63  9:43  Marine x2  
  63  9:45  Engineering Bay  
  68  9:49  SCV x3, Armory  
  71  9:53  Missile Turret  
  71  9:56  Missile Turret  
  71  9:58  Missile Turret  
  71  10:00  Sensor Tower, Marine  
  71  10:01  SCV x3, Marauder, Marine  
  71  10:06  Barracks Reactor  
  78  10:12  Medivac x3  
  78  10:13  SCV  
  85  10:16  SCV  
  85  10:18  Marine  
  85  10:19  Marine  
  60  10:22  Marauder  
  52  10:36  Marine x2  
Tags
 
Add a new tag
Caveats
  • Supply blocks, unpowered buildings, or Contaminate may cause inaccurate times.
  • Supply counts are checked every 10 seconds.